 Dungeon Crawl Stone Soup version 0.29-a0-275-g389c0b56f3 (webtiles) character file.

Game seed: 9857467208347638005

7791 spaghetti the Destroyer (level 11, -17/88 HPs)
             Began as an Ogre Conjurer on Mar 11, 2022.
             Was a Follower of Ru.
             Demolished by a boulder beetle (34 damage)
             ... on level 12 of the Dungeon.
             The game lasted 00:31:53 (16290 turns).

spaghetti the Destroyer (Ogre Conjurer)            Turns: 16290, Time: 00:31:54

Health: -17/88     AC: 16    Str: 13    XL:     11   Next: 20%
Magic:  7/27       EV:  9    Int: 23    God:    Ru [*.....]
Gold:   258        SH:  0    Dex:  7    Spells: 26/34 levels left

rFire   . . .      SeeInvis .   h - staff of conjuration {!a@e2staff}
rCold   + . .      Faith    .   (no shield)
rNeg    . . .      Spirit   .   u - +0 acid dragon scales
rPois   .          Reflect  .   (helmet restricted)
rElec   .          Harm     .   P - +2 cloak
rCorr   +          Rampage  .   (gloves unavailable)
Will    +....                   (boots unavailable)
Stlth   +.........              n - amulet of the acrobat
HPRegen 0.24/turn               p - +4 ring of protection
MPRegen 0.20/turn               J - ring of protection from cold

@: mighty, unable to drink
A: large, unfitting armour, tough skin 1, inability to drink while threatened,
iridescent scales 1
a: Renounce Religion


You were on level 12 of the Dungeon.
You worshipped Ru.
Ru was aware of your devotion.
You visited 2 branches of the dungeon, and saw 13 of its levels.

You collected 547 gold pieces.
You spent 289 gold pieces at shops.


Innate Abilities, Weirdness & Mutations

You are too large for most types of armour.
You have tough skin. (AC +1)
You sometimes lose the ability to drink potions when taking damage.
You are partially covered in iridescent scales. (AC +2)


   Skills:
 - Level 1.7 Dodging
 - Level 1.4 Stealth
 - Level 12.0 Spellcasting
 + Level 12.2 Conjurations
 - Level 3.0 Translocations


You had 26 spell levels left.
You knew the following spells:

 Your Spells              Type           Power      Damage    Failure   Level
a - Magic Dart            Conj           100%       1d8       1%          1
b - Iskenderun's Mystic   Conj/Tloc      65%        2d13      3%          4
c - Swiftness             Air            13%        N/A       21%         3

Your spell library contained the following spells:

 Spells                   Type           Power      Damage    Failure   Level
 Shock                    Conj/Air       100%       1d9       1%          1
 Searing Ray              Conj           100%       2d8       1%          2
 Dazzling Flash           Conj/Hex       100%       N/A       1%          3
 Fulminant Prism          Conj/Hex       29%        3d14      5%          4
 Corpse Rot               Necr/Air       26%        N/A       10%         2
 Ensorcelled Hibernation  Hex/Ice        26%        N/A       10%         2
 Passwall                 Tmut/Erth      10%        N/A       10%         2
 Portal Projectile        Hex/Tloc       40%        N/A       11%         3
 Call Canine Familiar     Summ           13%        N/A       21%         3
 Airstrike                Air            6%         N/A       54%         4
 Dispel Undead            Necr           13%        3d9       54%         4
 Leda's Liquefaction      Hex/Erth       6%         N/A       54%         4
 Summon Lightning Spire   Summ/Air       13%        N/A       54%         4
 Lee's Rapid Deconstruct  Erth           6%         3d7*      88%         5
 Death Channel            Necr           6%         N/A       100%        6
 Statue Form              Tmut/Erth      8%         N/A       100%        6
 Storm Form               Tmut/Air       6%         N/A       100%        7

Inventory:

Hand Weapons
 s - a +0 club {mace}
   (You took it off an orc on level 10 of the Dungeon)
 v - a +0 short sword {short}
   (You took it off an orc priest on level 10 of the Dungeon)
 y - the +4 dagger "Morg" {pain, Will+ Int+5, short}
   (You found it on level 3 of the Dungeon)

   In the hands of one skilled in necromantic magic, it inflicts extra damage on
   living creatures.
   Int:       It affects your intelligence (+5).
   Will:      It increases your willpower.
 A - a +0 giant spiked club {mace}
   (You took it off a two-headed ogre on level 11 of the Dungeon)
 G - a +0 giant club {mace}
   (You took it off a two-headed ogre on level 11 of the Dungeon)
 I - a +0 hand axe {axe}
   (You found it on level 11 of the Dungeon)
 R - a +0 short sword {short}
   (You found it on level 11 of the Dungeon)
 S - a +0 flail {mace}
   (You found it on level 11 of the Dungeon)
 T - a +2 dagger of chaos {short}
   (You took it off Psyche on level 11 of the Dungeon)
Missiles
 b - 4 javelins {throwing}
 e - 309 stones {throwing}
 i - 23 poisoned darts {throwing}
 D - 3 boomerangs {throwing}
 L - a throwing net {=f!fthrowing}
Armour
 u - +0 acid dragon scales (worn)
   (You found it on level 10 of the Dungeon)
 O - a +0 cloak
   (You bought it in a shop on level 8 of the Dungeon)
 P - a +2 cloak (worn)
   (You bought it in a shop on level 11 of the Dungeon)
Magical Staves
 h - a staff of conjuration (weapon) {!a@e2staff}
   (You found it on level 3 of the Dungeon)
 k - a staff of air {!astaff}
   (You found it on level 1 of the Dungeon)
 r - a staff of earth {!astaff}
   (You found it on level 1 of the Dungeon)
 w - a staff of fire {!astaff}
   (You found it on level 2 of the Dungeon)
Jewellery
 f - a ring of willpower
   (You found it on level 10 of the Dungeon)
 n - an amulet of the acrobat (around neck)
   (You found it on level 3 of the Dungeon)
 p - a +4 ring of protection (left hand)
   (You found it on level 1 of the Dungeon)
 J - a ring of protection from cold (right hand)
   (You found it on level 7 of the Dungeon)
 K - a ring of poison resistance
   (You found it on level 8 of the Dungeon)
Wands
 B - a wand of charming (13)
   (You found it on level 7 of the Dungeon)
 C - a wand of flame (42)
   (You found it on level 4 of the Dungeon)
 F - a wand of iceblast (11)
   (You found it on level 5 of the Dungeon)
 H - a wand of polymorph (8)
   (You found it on level 7 of the Dungeon)
 M - a wand of digging (2)
   (You took it off a gnoll on level 8 of the Dungeon)
 Z - a wand of acid (3)
   (You found it on level 10 of the Dungeon)
Scrolls
 c - 2 scrolls of vulnerability {!r!r}
 d - 2 scrolls of enchant armour
 g - 2 scrolls of brand weapon
 j - 2 scrolls of noise {!r}
 l - 2 scrolls of amnesia
 m - a scroll of fog
 o - a scroll of immolation {!r!r}
 x - 4 scrolls of identify {@r1}
 z - 6 scrolls of fear
 E - 9 scrolls of teleportation {@r4}
 N - a scroll of magic mapping {!r}
Potions
 a - a potion of attraction {!q}
 t - a potion of curing {@q1}

Dungeon Overview and Level Annotations

Branches:
Dungeon (12/15)            Temple (1/1) D:5             Orc (0/2) D:10
   Lair: D:8-11

Altars:
Ashenzari
Cheibriados
Dithmenos
Elyvilon
Fedhas
Gozag
Hepliaklqana
Kikubaaqudgha
Makhleb
Nemelex Xobeh
Okawaru
Qazlal
Ru
Sif Muna
Trog
Uskayaw
Vehumet
Wu Jian
Xom
Yredelemnul
Zin
The Shining One

Shops:
D:1 ?   D:8 [( D:11

* #.....°........
##.............$
#...............
.#...............
.........)°.....
#.......°.....
###.....°#...
..#....9B#
##.#....#@#
.#.#..9.#.#
#.#....#.#
#.##..##.#.
#.#....#.#.#
#.#.##.#.#.#
#.#.# .#.#.#
#o..# ...#..
##### ###


You could see a boulder beetle (rolling, ally target) and a friendly gargoyle
(summoned).


Message History

You swing at nothing.
Something hits you!
* * * LOW HITPOINT WARNING * * *
😱 HP[-8]
You take 8 damage, and now have 21/88 hp.
You swing at nothing.
Something completely misses you. 😱 MP[+1]
You hit something. Something hits you but does no damage. Something hits you.
* * * LOW HITPOINT WARNING * * *
😱 HP[-2]
You take 2 damage, and now have 19/88 hp.
You hit something but do no damage. Something hits you.
* * * LOW HITPOINT WARNING * * *
😱 HP[-2]
You take 2 damage, and now have 17/88 hp.
You swing at nothing.
You can drink potions again.
Something hits you.
* * * LOW HITPOINT WARNING * * *
😱 HP[-1]
You take 1 damage, and now have 16/88 hp.
You feel better. Something hits you.
* * * LOW HITPOINT WARNING * * *
😨 HP[+8] MP[+1]
You regained 8 hp, and now have 24/88 hp.
Unknown command.
Okay, then.
You swing at nothing.
Something hits you but does no damage. Something hits you but does no damage.
Something closely misses you. 😨 HP[+1]
Casting: Iskenderun's Mystic Blast (dangerous; 3% risk of failure)
Confirm with . or Enter, or press ? or * to list all spells.
You feel a surge of power!
You erupt in a blast of force!
The mystic blast hits something!! 😨 MP[-4]
You lost 4 mp, and now have 0/27 mp.
You barely miss something. Something hits you.
* * * LOW HITPOINT WARNING * * *
😨 HP[-2] MP[+1]
You take 2 damage, and now have 23/88 hp.
Something hits you but does no damage. x2
You miss something. Something hits you!
* * * LOW HITPOINT WARNING * * *
😱 HP[-7]
You take 7 damage, and now have 16/88 hp.
You hit something! Something hits you.
* * * LOW HITPOINT WARNING * * *
😱 HP[-5]
You take 5 damage, and now have 11/88 hp.
As you read the scroll of summoning, it crumbles to dust.
Wisps of shadow whirl around you... Something hits your gargoyle. 😱 MP[+1]
Something closely misses your gargoyle. 😱 HP[+1]
You swap places.
You start resting.
Something hits your gargoyle.
Something hits your gargoyle but does no damage. x2
Something hits your gargoyle.
Something hits your gargoyle but does no damage.
Something hits your gargoyle.
Something hits your gargoyle but does no damage.
Something closely misses your gargoyle. 😱 HP[+2] MP[+2]
You regained 2 hp, and now have 14/88 hp.
You regained 2 mp, and now have 4/27 mp.
Unknown command.
You swap places.
You swap places. 😱 HP[+1]
Something hits your orc. x2
Your orc dies!
Your orc's corpse dissolves into shadows! 😱 MP[+1] Unknown command.
Something hits your gargoyle but does no damage. x2 😱 HP[+1]
Something barely misses your gargoyle. x2
A boulder beetle comes into view.
Something closely misses your gargoyle.
The boulder beetle curls into a ball and begins rolling! 😱 MP[+1]
You swap places.
Your orc priest dissolves into shadows!
Something hits your gargoyle but does no damage.
Something barely misses your gargoyle.
Your gargoyle misses something. 😱 HP[+1]
Something hits your orc wizard!
Your orc wizard hits something but does no damage.
Your orc priest barely misses something.
You barely miss something.
Your orc priest dissolves into shadows!
Something hits you but does no damage. Something hits your orc wizard.
Aiming: Charm
Press: ? - help, Shift-Dir - straight line, f - boulder beetle
Aim: a boulder beetle (rolling, chance to affect: 31%)
The boulder beetle easily resists.
Something hits your gargoyle. The boulder beetle hits you!!
You feel threatened and lose the ability to drink potions!
You die...

Skill      XL: |  1  2  3  4  5  6  7  8  9 10 11 |
---------------+----------------------------------+-----
Conjurations   | 4 5 6 7 9 11 12 | 12.2
Spellcasting   | 3 4 5 6 8 10 12 | 12.0
Translocations | 2 3 |  3.0
Dodging        | |  1.7
Stealth        | |  1.4

Action                   |  1- 3 |  4- 6 |  7- 9 | 10-12 || total
-------------------------+-------+-------+-------+-------++-------
Melee: Unarmed           |    15 |       |       |     5 ||    20
       Dagger            |       |     6 |       |       ||     6
       Punch             |       |     1 |     1 |       ||     2
       Staff             |       |       |   121 |    19 ||   140
 Cast: Magic Dart        |    91 |   102 |    49 |    55 ||   297
       Iskenderun's Myst |       |     5 |    87 |    89 ||   181
Invok: Sacrifice Drink   |       |       |       |     1 ||     1
Evoke: Wand              |       |       |     3 |    14 ||    17
  Use: Potion            |     1 |     1 |     8 |     4 ||    14
       Scroll            |       |     6 |     6 |     3 ||    15
 Stab: Invisible         |       |       |     3 |       ||     3
Armor: Robe              |    10 |     8 |    66 |     1 ||    85
       Acid dragon scale |       |       |       |    39 ||    39
Dodge: Dodged            |    16 |    24 |    90 |    42 ||   172

Levels and vault maps discovered:
D:1:      lightli_arrival_statuegarden, layout_basic, serial_shops,
          nicolae_diamond_shop, hellmonk_ecumenical_altar_heavens_door
D:2:      layout_basic, basic_altar
D:3:      layout_basic
D:4:      minmay_evil_eye, layout_loops_ring, fedhas_altar_1
D:5:      layout_loops_ring, minmay_temple_entry_antechambers, uniq_sigmund
D:6:      layout_basic, uniq_pikel
D:7:      layout_gridville
D:8:      layout_basic, serial_shops, nicolae_shop_hallway_plus,
          kennysheep_little_box, uniq_grum
D:9:      layout_loops_corners, minmay_misc_feat_ornament
D:10:     layout_loops_ring, david_orc_3, dk_rats_in_the_wall
D:11:     layout_loops_ring, erik_lair_dragon, amethyst_killhole,
          nicolae_shop_sticking_my_neck_out, uniq_psyche
D:12:     layout_cave_pools, serial_co_window_serial, co_window_corner_a,
          co_window_of_opportunity_a, co_window_paths_b, co_window_corner_a,
          co_window_corner_a, co_window_paths_a, co_window_paths_a,
          co_window_corner_a, co_window_paths_a, co_window_corner_cb,
          co_window_paths_c, co_window_unsneaky_path_d,
          co_window_of_opportunity_c, co_window_sun, glass_columns_a
Temple:   mainiacjoe_temple_circle_huts

Notes
Turn   | Place    | Note
-------+----------+-------------------------------------------
     0 | D:1      | spaghetti the Ogre Conjurer began the quest for the Orb.
     0 | D:1      | Reached XP level 1. HP: 16/16 MP: 3/3
     0 | D:1      | magus.rc [v1.9.6]
   119 | D:1      | Found Otaumi's Magic Scroll Shoppe.
   314 | D:1      | Reached skill level 4 in Conjurations
   314 | D:1      | Reached XP level 2. HP: 22/24 MP: 0/5
   680 | D:1      | Reached skill level 3 in Spellcasting
   857 | D:1      | You pick up a book of the Hunter and begin reading...
   857 | D:1      | You add the spells Call Canine Familiar, Portal Projectile
                  | and Leda's Liquefaction to your library.
   925 | D:1      | Reached XP level 3. HP: 31/31 MP: 4/7
   970 | D:1      | Found a faded altar of an unknown god.
  1120 | D:1      | magus.rc [v1.9.6]
  1708 | D:2      | You pick up a book of the Hunter and begin reading...
  1937 | D:2      | Found a basalt altar of Yredelemnul.
  2488 | D:2      | Reached skill level 4 in Spellcasting
  2530 | D:2      | Reached XP level 4. HP: 39/39 MP: 3/10
  3115 | D:3      | Learned a level 4 spell: Iskenderun's Mystic Blast
  3773 | D:3      | Found the +4 dagger "Morg" {pain, Will+ Int+5}
  4237 | D:4      | Reached skill level 5 in Spellcasting
  4244 | D:4      | Reached XP level 5. HP: 44/45 MP: 1/12
  4545 | D:4      | Reached skill level 1 in Translocations
  4641 | D:4      | Found a blossoming altar of Fedhas.
  5091 | D:5      | Entered Level 5 of the Dungeon
  5103 | D:5      | Noticed an ogre
  5112 | D:5      | Killed an ogre
  5113 | D:5      | Reached skill level 2 in Translocations
  5113 | D:5      | Reached XP level 6. HP: 53/53 MP: 0/13
  5279 | D:5      | Noticed a black bear
  5298 | D:5      | Killed a black bear
  5299 | D:5      | Reached skill level 5 in Conjurations
  5543 | D:5      | Noticed Sigmund
  5827 | D:5      | Noticed a water moccasin
  5831 | D:5      | Killed a water moccasin
  5832 | D:5      | Reached skill level 3 in Translocations
  5832 | D:5      | Reached XP level 7. HP: 59/59 MP: 6/15
  5907 | D:5      | Found a staircase to the Ecumenical Temple.
  5933 | Temple   | Entered the Ecumenical Temple
  6341 | Temple   | Became a worshipper of Ru the Awakened
  6442 | D:5      | Killed Sigmund
  6443 | D:5      | Reached skill level 6 in Spellcasting
  6618 | D:5      | Reached skill level 6 in Conjurations
  7080 | D:6      | You pick up a book of Burglary and begin reading...
  7080 | D:6      | You add the spells Passwall, Ensorcelled Hibernation and
                  | Swiftness to your library.
  7138 | D:6      | Reached XP level 8. HP: 49/67 MP: 0/18
  7400 | D:6      | Reached skill level 7 in Spellcasting
  7922 | D:6      | HP: 15/67 [iguana (8)]
  8572 | D:6      | Noticed Pikel
  8624 | D:6      | Killed Pikel
  8625 | D:6      | Reached skill level 8 in Spellcasting
  8625 | D:6      | Reached skill level 7 in Conjurations
  8625 | D:6      | Reached XP level 9. HP: 57/74 MP: 1/21
  8771 | D:6      | You pick up a book of Decay and begin reading...
  8771 | D:6      | You add the spells Corpse Rot, Dispel Undead and Death
                  | Channel to your library.
  8772 | D:6      | Gained mutation: You are partially covered in iridescent
                  | scales. (AC +2) [potion of mutation]
  9171 | D:7      | Reached skill level 9 in Spellcasting
  9171 | D:7      | Reached skill level 8 in Conjurations
 10218 | D:8      | Found Wonon's Antique Weapon Shoppe.
 10618 | D:8      | Reached skill level 10 in Spellcasting
 10940 | D:8      | Reached skill level 9 in Conjurations
 11369 | D:8      | Noticed Grum
 11377 | D:8      | Reached XP level 10. HP: 78/81 MP: 11/24
 11382 | D:8      | Killed Grum
 11630 | D:8      | Found Ixasiru's Armour Emporium.
 11636 | D:8      | Bought a +0 cloak for 58 gold pieces
 11668 | D:8      | Reached skill level 11 in Spellcasting
 11790 | D:8      | You pick up a book of the Hunter and begin reading...
 11795 | D:8      | Learned a level 3 spell: Swiftness
 12124 | D:9      | You add the spells Airstrike, Summon Lightning Spire and
                  | Storm Form to your library.
 12124 | D:9      | Got Sif Muna's Catalogue of Flight
 12569 | D:9      | HP: 17/81 [komodo dragon (16)]
 12591 | D:9      | Gained mutation: You sometimes lose the ability to drink
                  | potions when taking damage. [Ru sacrifice]
 12591 | D:9      | Reached * piety under Ru
 12906 | D:9      | HP: 13/81 [komodo dragon (27)]
 12911 | D:9      | Reached skill level 10 in Conjurations
 13653 | D:9      | Noticed a kobold demonologist
 13660 | D:9      | Killed a kobold demonologist
 14177 | D:10     | Entered Level 10 of the Dungeon
 14205 | D:10     | Reached skill level 12 in Spellcasting
 14435 | D:10     | You pick up a book of Air and begin reading...
 14805 | D:11     | Noticed a two-headed ogre
 14819 | D:10     | Reached skill level 11 in Conjurations
 14953 | D:10     | Found a staircase to the Orcish Mines.
 15600 | D:11     | Killed a two-headed ogre
 15601 | D:11     | Reached XP level 11. HP: 49/88 MP: 10/27
 15938 | D:11     | Found Utsuvex's Neck Hole.
 15945 | D:11     | Bought a +2 cloak for 231 gold pieces
 15967 | D:11     | Noticed Psyche
 15973 | D:11     | Killed Psyche
 15974 | D:11     | Reached skill level 12 in Conjurations
 16226 | D:12     | You pick up a book of the Earth and begin reading...
 16226 | D:12     | You add the spells Lee's Rapid Deconstruction and Statue
                  | Form to your library.
 16251 | D:12     | HP: 21/88 [something (9)]
 16263 | D:12     | HP: 16/88 [something (8)]
 16285 | D:12     | Noticed a boulder beetle
 16290 | D:12     | Demolished by a boulder beetle

Vanquished Creatures
  A two-headed ogre (D:11)
  Pikel (D:6)
  2 unseen horrors
  A komodo dragon (D:9)
  Psyche (D:11)
  A kobold demonologist (D:9)
  Sigmund (D:5)
  A shadow (D:9)
  A wyvern (D:8)
  Grum (D:8)
  3 acid dragons
  2 water moccasins
  2 black bears
  7 orc warriors
  2 ogres
  3 wolves (D:8)
  2 centaurs
  2 phantoms (D:6)
  2 lemures (D:6)
  3 kobold brigands
  4 bullfrogs
  A necrophage (D:5)
  2 gnoll sergeants
  A scorpion (D:6)
  9 wights
  12 killer bees
  4 howler monkeys (D:10)
  5 hounds
  5 orc priests
  An iguana (D:6)
  A gnoll shaman (D:8)
  8 orc wizards
  12 gnolls
  7 adders
  A shadow imp (D:4)
  A white imp (D:6)
  An ufetubus (D:7)
  3 worms
  3 dart slugs
  30 orcs
  3 ball pythons
  4 endoplasms
  4 giant cockroaches
  9 goblins
  5 hobgoblins
  14 jackals
  15 kobolds
  5 quokkas
  6 bats
  4 frilled lizards
  2 rats (D:2)
221 creatures vanquished.

Table legend:
 A = Non-vault XP
 B = Vault XP
 C = Vault XP percentage of total XP
 D = Non-vault monster count
 E = Vault monster count
 F = Vault count percentage of total count
                 A         B        C        D         E       F
            +---------+---------+-------+---------+---------+-------
      Total |    8803 |    2328 |  20.9 |     202 |      17 |   7.8
            +---------+---------+-------+---------+---------+-------
        D:1 |      50 |       0 |   0.0 |      26 |       0 |   0.0
        D:2 |      37 |       0 |   0.0 |      12 |       0 |   0.0
        D:3 |      45 |       0 |   0.0 |      18 |       0 |   0.0
        D:4 |     123 |      26 |  17.4 |      10 |       3 |  23.1
        D:5 |     601 |     238 |  28.4 |      13 |       1 |   7.1
        D:6 |     726 |     629 |  46.4 |      19 |       1 |   5.0
        D:7 |     789 |       0 |   0.0 |      21 |       0 |   0.0
        D:8 |    1450 |     541 |  27.2 |      28 |       4 |  12.5
        D:9 |    2123 |       0 |   0.0 |      31 |       0 |   0.0
       D:10 |    1361 |     536 |  28.3 |      18 |       7 |  28.0
       D:11 |    1498 |     358 |  19.3 |       6 |       1 |  14.3
            +---------+---------+-------+---------+---------+-------

Illustrated notes

Table legend:
 A = Kills in this place as a percentage of kills in entire the game.
 B = Kills by you in this place as a percentage of kills by you in the entire game.
 C = Kills by friends in this place as a percentage of kills by friends in the entire game.
 D = Other kills in this place as a percentage of other kills in the entire game.
 E = Experience gained in this place as a percentage of experience gained in the entire game.
 F = Experience gained in this place divided by the number of levels of this place that you have seen.
                   A       B       C       D       E      F
               +-------+-------+-------+-------+-------+----------------------
         Total | 100.0 | 100.0 |   N/A |   N/A | 100.0 | 856.2
       Dungeon | 100.0 | 100.0 |   N/A |   N/A | 100.0 | 927.6
               +-------+-------+-------+-------+-------+----------------------

Table legend: (Time is in decaauts)
 A = Elapsed time spent in this place.
 B = Non-inter-level travel time spent in this place.
 C = Inter-level travel time spent in this place.
 D = Time resting spent in this place.
 E = Time spent auto-exploring this place.
 F = Levels seen in this place.
 G = Mean time per level.
                   A        B        C        D        E       F      G
               +--------+--------+--------+--------+--------+-----+--------+
         Total |  16312 |  15757 |    555 |   2936 |  11155 |  13 | 1254.8 |
       Dungeon |  15881 |  15369 |    512 |   2936 |  10791 |  12 | 1323.4 |
        Temple |    430 |    387 |     43 |      0 |    364 |   1 |  430.0 |
               +--------+--------+--------+--------+--------+-----+--------+

Top non-repeatable levels by time:
     D:9: 1932 daAuts
     D:1: 1841 daAuts
     D:7: 1725 daAuts
     D:8: 1704 daAuts
    D:10: 1670 daAuts
     D:6: 1663 daAuts
     D:5: 1583 daAuts
     D:3: 1199 daAuts
     D:4: 1064 daAuts
     D:2: 1049 daAuts
  Temple: 430 daAuts
    D:11: 376 daAuts
    D:12: 70 daAuts
